 Dungeon Sprint DCSS version 0.21.1-1-g345015f (webtiles) character file.

816 wilfster70 the Thaumaturge (level 7, -2/58 HPs)
             Began as a Gnoll Wizard on May 24, 2018.
             Was a High Priest of Cheibriados.
             Slain by a merfolk
             ... wielding a +0 trident
              (12 damage)
             ... in the Dungeon (Sprint V: "Ziggurat Sprint").
             The game lasted 00:04:05 (422 turns).

wilfster70 the Thaumaturge (Gnoll Wizard)            Turns: 422, Time: 00:04:06

Health: -2/58      AC: 20    Str: 25    XL:     7   Next: 94%
Magic:  17/19      EV:  8    Int: 41    God:    Cheibriados [*****.]
Gold:   0          SH: 15    Dex: 27    Spells: 20/24 levels left

rFire    + . .     SeeInvis +   a - +14 obsidian axe {chop, +Fly SInv *Curse} (curse)
rCold    + . .     Gourm    .   i - +3 shield
rNeg     . . .     Faith    .   F - +5 gold dragon scales
rPois    +         Spirit   .   b - +0 hat
rElec    .         Reflect  .   (no cloak)
rCorr    .         Harm     .   (no gloves)
MR       .....     NoTele   +   (no boots)
Stlth    ..........             (no amulet)
HPRegen  0.19/turn              p - +6 ring of intelligence
MPRegen  0.16/turn              C - ring of wizardry

@: mesmerised, very slightly contaminated, studying Throwing, very slow
A: distributed training, fangs 1, strong nose
a: Bend Time, Temporal Distortion, Slouch, Step From Time, Renounce Religion,
Evoke Flight


You were in the Dungeon.
You worshipped Cheibriados.
Cheibriados was extremely pleased with you.
You were not hungry.

You visited 1 branch

Inventory:

Hand Weapons
 a - the cursed +14 obsidian axe (weapon) {chop, +Fly SInv *Curse}
   (You found it in the Dungeon)

   It inflicts extra damage upon your enemies.
   It lets you see invisible.
   It lets you fly.
   It curses itself when equipped.
   It has a curse placed upon it.
Armour
 b - a +0 hat (worn)
 g - a +3 large shield
 i - a +3 shield (worn)
 F - +5 gold dragon scales (worn)
Jewellery
 p - a +6 ring of intelligence (left hand)
 q - a +6 ring of intelligence
 s - a +6 ring of strength
 C - a ring of wizardry (right hand)
Wands
 k - a wand of disintegration (7)
 l - a wand of iceblast (7)
 m - a wand of acid (7)
Scrolls
 j - 4 scrolls of blinking
 t - 4 scrolls of amnesia
 u - 7 scrolls of fog
 v - a scroll of holy word
 w - 5 scrolls of identify
 x - 5 scrolls of remove curse
 y - 2 scrolls of fear
Potions
 e - 10 potions of curing
 f - 10 potions of heal wounds
 h - 7 potions of magic
 z - 2 potions of brilliance
 A - 2 potions of invisibility
 B - 4 potions of resistance
 D - 5 potions of agility
 E - 5 potions of might
Books
 c - a book of Minor Magic

   Spells                             Type                      Level
   a - Magic Dart                     Conjuration                  1
   b - Blink                          Translocation                2
   c - Call Imp                       Summoning                    2
   d - Slow                           Hexes                        2
   e - Conjure Flame                  Conjuration/Fire             3
   f - Mephitic Cloud                 Conjuration/Poison/Air       3
 n - a manual of Throwing
 o - the Guide on the Icy Oath
   (You found it in the Dungeon)

   Spells                             Type                      Level
   a - Confuse                        Hexes                        3
   b - Silence                        Hexes/Air                    5
   c - Freezing Cloud                 Conjuration/Ice/Air          6
   d - Simulacrum                     Ice/Necromancy               6
Comestibles
 d - 7 rations


   Skills:
 + Level 6.0 Fighting
 + Level 6.0 Short Blades
 + Level 6.0 Long Blades
 + Level 6.0 Axes
 + Level 6.0 Maces & Flails
 + Level 6.0 Polearms
 + Level 6.0 Staves
 + Level 6.0 Slings
 + Level 6.0 Bows
 + Level 6.0 Crossbows
 + Level 7.6 Throwing
 + Level 6.0 Armour
 + Level 7.6 Dodging
 + Level 7.3 Stealth
 + Level 6.0 Shields
 + Level 6.0 Unarmed Combat
 + Level 9.4 Spellcasting
 + Level 5.4 Conjurations
 + Level 4.9 Hexes
 + Level 4.9 Charms
 + Level 5.4 Summonings
 + Level 4.9 Necromancy
 + Level 5.4 Translocations
 + Level 4.9 Transmutations
 + Level 4.9 Fire Magic
 + Level 4.9 Ice Magic
 + Level 4.9 Air Magic
 + Level 4.9 Earth Magic
 + Level 4.9 Poison Magic
 + Level 6.5 Invocations
 + Level 6.0 Evocations


You had 20 spell levels left.
You knew the following spells:

 Your Spells              Type           Power        Failure   Level  Hunger
a - Magic Dart            Conj           ####         16%         1    None
b - Mephitic Cloud        Conj/Pois/Air  ######..     45%         3    None


Dungeon Overview and Level Annotations

Branches:
Dungeon (1/1)

Altars:
Ashenzari
Cheibriados
Dithmenos
Elyvilon
Fedhas
Gozag
Hepliaklqana
Kikubaaqudgha
Makhleb
Nemelex Xobeh
Okawaru
Qazlal
Ru
Sif Muna
Trog
Uskayaw
Vehumet
Wu Jian
Xom
Yredelemnul
Zin
The Shining One
Beogh
Jiyva
Lugonu

Annotations:
D 1 transporter


Innate Abilities, Weirdness & Mutations

Your experience applies equally to all skills.
You have very sharp teeth.
Your uncanny sense of smell can sniff out nearby items.


Message History

The centaur freezes you!
* * * LOW HITPOINT WARNING * * *
The merfolk closely misses you.
The merfolk hits you but does no damage.
The merfolk hits you with a trident!
* * * LOW HITPOINT WARNING * * *
The merfolk hits you but does no damage.
Found a transporter.
You see here an arrow.
You slice the merfolk!! You bite the merfolk, but do no damage.
The merfolk is heavily wounded.
You hit the merfolk. You hit the centaur but do no damage.
You slash the merfolk!
Visions of slaying the merfolk flood into your mind.
You block the centaur's attack.
The merfolk hits you but does no damage.
You block the merfolk's attack.
The merfolk hits you but does no damage.
The merfolk hits you with a trident!
You die...

▓▓▓▓▓▓▓▓▓▓▓▓▓▓▓▓▓▓▓
▓..8©8..▓ ∆∆∆∆
▓..[|...▓ ∆∆∆
▓..=[:..▓ ▓.......▓
▓.......▓ ▓..m.m..▓
▓..mmm..▓ ▓...@c..▓
▓...©...▓ ▓▓▓▓▓▓▓▓▓
∆ ∆∆∆ ∆∆∆


You could see 5 merfolk and a centaur.

Vanquished Creatures
  A spriggan (D)
  A fire elemental (D)
  2 hell hounds (D)
  A black bear (D)
  A crimson imp (D)
  An iron imp (D)
  An orc wizard (D)
  A shadow imp (D)
  A white imp (D)
  An orc (D)
  A bat zombie (D)
  A jackal skeleton (D)
13 creatures vanquished.

Vanquished Creatures (collateral kills)
  A fire elemental (D)
  A hell hound (D)
  A black bear (D)
  A wolf (D)
4 creatures vanquished.

Vanquished Creatures (others)
  A fire vortex (D)
1 creature vanquished.

Grand Total: 18 creatures vanquished

Notes
Turn   | Place    | Note
-------+----------+-------------------------------------------
     0 | D        | Found the +6 Majin-Bo {vamp, Archmagi MP+6 Int+6}
     0 | D        | Found the +7 great mace "Firestarter" {inner flame, rF++}
     0 | D        | wilfster70 the Gnoll Wizard began the quest for the Orb.
     0 | D        | Reached XP level 1. HP: 13/13 MP: 8/8
     8 | D        | Found a bloodstained altar of Trog.
     8 | D        | Found a deep blue altar of Sif Muna.
     8 | D        | Found a sacrificial altar of Ru.
     8 | D        | Found a stormy altar of Qazlal.
    15 | D        | Found an iron altar of Okawaru.
    17 | D        | Found a sparkling altar of Nemelex Xobeh.
    19 | D        | Found a corrupted altar of Lugonu.
    19 | D        | Found an ancient bone altar of Kikubaaqudgha.
    19 | D        | Found a burning altar of Makhleb.
    19 | D        | Found a transporter.
    19 | D        | Found a viscous altar of Jiyva.
    19 | D        | Found a hazy altar of Hepliaklqana.
    25 | D        | Found an opulent altar of Gozag.
    26 | D        | Found a blossoming altar of Fedhas.
    52 | D        | Became a worshipper of Cheibriados the Contemplative
    66 | D        | Found the +9 heavy crossbow "Sniper" {velocity, Acc+∞ SInv}
    66 | D        | Found the +10 dark maul {crush}
    66 | D        | Found the +15 Maxwell's patent armour {-Cast -Tele rElec MR+ rCorr}
    66 | D        | Found the +18 shield of the Gong {rElec rN+ MR+ EV-5}
    66 | D        | Found the cursed +14 obsidian axe {chop, +Fly SInv *Curse}
   103 | D        | Reached skill level 5 in Dodging
   103 | D        | Reached skill level 1 in Hexes
   103 | D        | Reached skill level 1 in Charms
   103 | D        | Reached skill level 1 in Necromancy
   103 | D        | Reached skill level 1 in Transmutations
   103 | D        | Reached skill level 1 in Fire Magic
   103 | D        | Reached skill level 1 in Ice Magic
   103 | D        | Reached skill level 1 in Air Magic
   103 | D        | Reached skill level 1 in Earth Magic
   103 | D        | Reached skill level 1 in Poison Magic
   103 | D        | Reached XP level 2. HP: 22/22 MP: 8/10
   125 | D        | Entered arena 2.
   125 | D        | Found a transporter.
   132 | D        | Reached * piety under Cheibriados
   132 | D        | Reached skill level 5 in Stealth
   132 | D        | Reached XP level 3. HP: 28/28 MP: 12/12
   144 | D        | Entered arena 3.
   144 | D        | Noticed a hell hound
   144 | D        | Found a transporter.
   147 | D        | Reached ** piety under Cheibriados
   148 | D        | Killed a hell hound
   148 | D        | Reached skill level 8 in Spellcasting
   148 | D        | Reached XP level 4. HP: 35/36 MP: 14/14
   148 | D        | Reached XP level 5. HP: 40/41 MP: 15/15
   159 | D        | Entered arena 4.
   159 | D        | Noticed a fire elemental
   159 | D        | Noticed a fire elemental
   159 | D        | Noticed a hell hound
   159 | D        | Found a transporter.
   162 | D        | Killed a hell hound
   162 | D        | Reached *** piety under Cheibriados
   163 | D        | Killed a fire elemental
   163 | D        | Reached skill level 5 in Throwing
   163 | D        | Reached skill level 5 in Invocations
   163 | D        | Reached XP level 6. HP: 15/49 MP: 15/17
   165 | D        | Killed a fire elemental
   165 | D        | Reached skill level 5 in Fighting
   165 | D        | Reached skill level 5 in Short Blades
   165 | D        | Reached skill level 5 in Long Blades
   165 | D        | Reached skill level 5 in Axes
   165 | D        | Reached skill level 5 in Maces & Flails
   165 | D        | Reached skill level 5 in Polearms
   165 | D        | Reached skill level 5 in Staves
   165 | D        | Reached skill level 5 in Slings
   165 | D        | Reached skill level 5 in Bows
   165 | D        | Reached skill level 5 in Crossbows
   165 | D        | Reached skill level 5 in Armour
   165 | D        | Reached skill level 5 in Shields
   165 | D        | Reached skill level 5 in Unarmed Combat
   165 | D        | Reached skill level 5 in Evocations
   373 | D        | Entered arena 5.
   373 | D        | Noticed a black bear
   373 | D        | Noticed a black bear
   373 | D        | Noticed a spriggan
   373 | D        | Found a transporter.
   374 | D        | Found the +8 frozen axe "Frostbite" {freezing cloud, *Noise +Fly rC+}
   374 | D        | Reached **** piety under Cheibriados
   375 | D        | Killed a black bear
   375 | D        | Reached skill level 9 in Spellcasting
   375 | D        | Reached XP level 7. HP: 56/56 MP: 17/19
   375 | D        | Reached ***** piety under Cheibriados
   375 | D        | Reached skill level 5 in Conjurations
   375 | D        | Reached skill level 5 in Summonings
   375 | D        | Reached skill level 5 in Translocations
   377 | D        | Killed a spriggan
   389 | D        | Entered arena 6.
   389 | D        | Found a transporter.
   398 | D        | Identified the Guide on the Icy Oath (You found it in the Dungeon)
   403 | D        | Learned a level 3 spell: Mephitic Cloud
   415 | D        | Entered arena 7.
   415 | D        | Noticed a merfolk
   415 | D        | Noticed a merfolk
   415 | D        | Noticed a merfolk
   415 | D        | Noticed a merfolk
   415 | D        | Noticed a merfolk
   421 | D        | Found a transporter.
   422 | D        | Slain by a merfolk

Skill      XL: |  1  2  3  4  5  6  7 |
---------------+----------------------+-----
Fighting       | 2 3 4 5 6 |  6.0
Short Blades   | 2 3 4 5 6 |  6.0
Long Blades    | 2 3 4 5 6 |  6.0
Axes           | 2 3 4 5 6 |  6.0
Maces & Flails | 2 3 4 5 6 |  6.0
Polearms       | 2 3 4 5 6 |  6.0
Staves         | 2 3 4 5 6 |  6.0
Slings         | 2 3 4 5 6 |  6.0
Bows           | 2 3 4 5 6 |  6.0
Crossbows      | 2 3 4 5 6 |  6.0
Throwing       | 2 3 5 6 7 |  7.6
Armour         | 2 3 4 5 6 |  6.0
Dodging        | 5 6 7 |  7.6
Shields        | 2 3 4 5 6 |  6.0
Unarmed Combat | 2 3 4 5 6 |  6.0
Conjurations   | 2 3 4 5 |  5.4
Hexes          | 1 2 3 4 |  4.9
Charms         | 1 2 3 4 |  4.9
Summonings     | 2 3 4 5 |  5.4
Necromancy     | 1 2 3 4 |  4.9
Translocations | 2 3 4 5 |  5.4
Transmutations | 1 2 3 4 |  4.9
Fire Magic     | 1 2 3 4 |  4.9
Ice Magic      | 1 2 3 4 |  4.9
Air Magic      | 1 2 3 4 |  4.9
Earth Magic    | 1 2 3 4 |  4.9
Poison Magic   | 1 2 3 4 |  4.9
Invocations    | 2 3 4 5 6 |  6.5
Evocations     | 2 3 4 5 6 |  6.0
Stealth        | 5 6 7 |  7.3
Spellcasting   | 8 9 |  9.4

Action                   |  1- 3 |  4- 6 |  7- 9 || total
-------------------------+-------+-------+-------++-------
Melee: Broad axe         |     6 |     6 |     4 ||    16
       Bite              |     1 |     1 |     1 ||     3
Invok: Slouch            |       |       |     1 ||     1
  Use: Potion            |     1 |       |       ||     1
Armor: Gold dragon scale |    11 |    13 |    11 ||    35
Dodge: Dodged            |       |     2 |     1 ||     3
Block: Shield            |     5 |     5 |     4 ||    14
